 Dungeon Crawl Stone Soup version 0.31-a0-355-g57cb03d3e8 (console) character file.

Game seed: 6934738312272423340

7511 petzl the Covert (level 11, -13/75 HPs)
             Began as a Formicid Delver on July 24, 2023.
             Was a Priest of Vehumet.
             Mangled by a two-headed ogre
             ... wielding a +0 giant spiked club
              (33 damage)
             ... on level 15 of the Dungeon on July 25, 2023.
             The game lasted 01:21:24 (10876 turns).

petzl the Covert (Formicid Delver)                 Turns: 10876, Time: 01:21:25

Health: -13/75     AC:  4    Str: 16    XL:     11   Next: 38%
Magic:  11/23      EV: 11    Int: 15    God:    Vehumet [***...]
Gold:   284        SH:  5    Dex: 15    Spells: 9/26 levels left

rFire   . . .        b - +1 sling
rCold   . . .        t - +0 buckler
rNeg    . . .        y - +0 leather armour
rPois   .            (helmet unavailable)
rElec   .            (no cloak)
rCorr   +            (no gloves)
SInv    +            g - +0 pair of boots
Will    +....        (no amulet)
Stlth   ++++         z - ring of resist corrosion
HPRegen 0.32/turn    (no ring)
MPRegen 0.18/turn

%: no passive effects
@: radiating poison
A: permanent stasis, dig shafts and tunnels, antennae 3, four strong arms
a: Dig, Shaft Self, Renounce Religion


You were on level 15 of the Dungeon.
You worshipped Vehumet.
Vehumet was most pleased with you.
You visited 2 branches of the dungeon, and saw 16 of its levels.
You also visited: Sewer.

You collected 436 gold pieces.
You spent 152 gold pieces at shops.

Inventory:

Hand Weapons
 a - the +8 quarterstaff of Hamm {pain, rF+}
   (You found it on level 4 of the Dungeon)

   rF:        It protects you from fire.
 b - a +1 sling (weapon)
 d - the +3 Elemental Staff {rElec rF+ rC+ AC+3}
   (You acquired it on level 11 of the Dungeon)

   It enhances your fire, ice, earth and air magic.
   AC:        It affects your AC (+3).
   rF:        It protects you from fire.
   rC:        It protects you from cold.
   rElec:     It insulates you from electricity.
Missiles
 m - 29 stones
 o - 18 javelins
 r - 11 poisoned darts
Armour
 f - a +0 ring mail
 g - a +0 pair of boots (worn)
 l - a +0 kite shield of fire resistance
 t - a +0 buckler (worn)
 y - a +0 leather armour (worn)
Jewellery
 w - an amulet of faith
 z - a ring of resist corrosion (left hand)
 F - an amulet of the acrobat
Talismans
 s - a beast talisman
 v - a beast talisman
 A - a blade talisman
Wands
 u - a wand of acid (1)
 C - a wand of roots (4)
Scrolls
 c - 2 scrolls of fog
 e - a scroll of butterflies
 k - 2 scrolls of poison
 n - 2 scrolls of fear
 p - 2 scrolls of immolation
 q - 2 scrolls of amnesia
 D - a scroll of vulnerability
 G - a scroll of identify
Potions
 h - a potion of ambrosia {unknown}
 j - a potion of heal wounds {unknown}
 B - 2 potions of magic
Miscellaneous
 E - a lightning rod (2/4)


   Skills:
 - Level 3.2 Fighting
 - Level 2.0(3.1) Maces & Flails
 - Level 3.7(4.0) Staves
 - Level 2.9 Ranged Weapons
 - Level 1.7 Dodging
 - Level 8.1 Stealth
 + Level 3.4 Shields
 + Level 8.1 Spellcasting
 + Level 6.5 Conjurations
 - Level 4.0 Necromancy
 - Level 3.0 Transmutations
 * Level 5.1 Fire Magic
 - Level 4.4 Air Magic
 - Level 7.1 Poison Magic


You had 9 spell levels left.
You knew the following spells:

 Your Spells              Type           Power      Damage    Failure   Level
a - Poisonous Vapours     Pois/Air       46%        N/A       1%          2
b - Kiss of Death         Conj/Necr      84%        2d11      1%          1
c - Fireball              Conj/Fire      11%        3d7       13%         5
u - Sublimation of Blood  Necr           18%        N/A       5%          2
I - Ignite Poison         Fire/Tmut/Pois 21%        N/A       1%          3
T - Olgreb's Toxic Radia  Pois           27%        N/A       3%          4

Your spell library contained the following spells:

 Spells                   Type           Power      Damage    Failure   Level
 Foxfire                  Conj/Fire      92%        2x1d8     1%          1
 Sting                    Tmut/Pois      84%        1d7       2%          1
 Wereblood                Tmut           15%        N/A       9%          2
 Call Canine Familiar     Summ           6%         N/A       50%         3
 Gell's Gravitas          Tloc           6%         N/A       50%         3
 Portal Projectile        Hex/Tloc       12%        N/A       50%         3
 Teleport Other           Tloc           6%         N/A       50%         3
 Starburst                Conj/Fire      11%        6d5       54%         6
 Plasma Beam              Fire/Air       10%        2x1d21    67%         6
 Leda's Liquefaction      Hex/Erth       3%         N/A       88%         4
 Dispersal                Tloc           3%         N/A       100%        6
 Summon Hydra             Summ           3%         N/A       100%        7


Dungeon Overview and Level Annotations

Branches:
Dungeon (15/15)            Temple (1/1) D:6             Orc (0/2) D:10
  Sewer (visited)
   Lair: D:8-11      Vaults: D:13-14     Depths: D:15

Altars:
Ashenzari
Cheibriados
Dithmenos
Elyvilon
Fedhas
Gozag
Hepliaklqana
Makhleb
Nemelex Xobeh
Qazlal
Ru
Sif Muna
Trog
Uskayaw
Vehumet
Wu Jian
Xom
Yredelemnul
Zin

Shops:
D:7 (:*([   D:14 ?

Annotations:
D:5 exclusion: downstairs
D:6 exclusions: centaur and sensed monster (detected)
D:7 exclusion: phantom
D:8 exclusions: 2 downstairs, gnoll bouda and 2 sensed monsters (detected)
D:9 Erolcha, Joseph
D:10 exclusions: orc knight, sensed monster (detected), upstairs and vampire, Lodul, Nergalle
D:12 exclusions: two-headed ogre and 3 vampire mosquitoes
D:13 exclusions: 2 sensed monsters (detected) and upstairs
D:14 exclusions: downstairs and 2 upstairs
D:15 exclusions: hydra and 5 sensed monsters (detected), arthad's ghost, journeyman GnWn


Innate Abilities, Weirdness & Mutations

You cannot be hasted, slowed, berserked, paralysed or teleported.
You can dig through walls and to a lower floor.
You have a pair of large antennae on your head. (SInv)
Your four strong arms can wield two-handed weapons with a shield.


Message History

Vehumet accepts your kill.
You feel your power returning.
The two-headed ogre seems to burn from within!!
The two-headed ogre is almost dead.
The two-headed ogre seems to burn from within!!!
You kill the two-headed ogre!
Vehumet accepts your kill.
You feel your power returning.
The two-headed ogre seems to burn from within!
The two-headed ogre is moderately wounded.
The ogre seems to burn from within!!
You kill the ogre!
Vehumet accepts your kill.
Your Shields skill increases to level 3!
Your Spellcasting skill increases to level 8!
Your Fire Magic skill increases to level 5!
Press: ? - help, v - describe, . - travel, g - get item
Here: a two-headed ogre, wielding two +0 giant spiked clubs (almost dead)
Items here: a +0 giant club; a +0 giant club; a two-headed ogre corpse.
The floor, spattered with blood.
Unknown command.
Unknown command.
Casting: Ignite Poison (safe; 1% risk of failure)
Confirm with . or Enter, or press ? or * to list all spells.
You begin to radiate toxic energy.
The two-headed ogre is poisoned. x2
The two-headed ogre looks even sicker. x2
The two-headed ogre hits you with a +0 giant spiked club!
The two-headed ogre hits you with a +0 giant spiked club!!
* * * LOW HITPOINT WARNING * * *
The ogre mage shouts!
Press: ? - help, v - describe, . - travel, g - get item
Here: a two-headed ogre, wielding two +0 giant spiked clubs (almost dead, very poisoned)
Items here: a +0 giant club; a +0 giant club; a two-headed ogre corpse.
The floor, spattered with blood.
Unknown command.
Unknown command.
Unknown command.
You feel better.
The ogre mage is poisoned.
The two-headed ogre hits you with a +0 giant spiked club!!
You die...

..J.................{
..#.#.##......b......
. ....#.##..b##J######
.. ......b.....<..#
... # .##...##.######
.#. # #....... ...
#...##.## ... #.. #.#
{ ... .. ... ... # #.#
#.. ..# #.. .. #.
#.##.# ) # #D##.# .#.
#.##.# { ..#
######.##.# #.#
#....#.##.# #.#
#.##.#.##.# #)###
###@##.#.##.######..C.
#..O..................
#...#########)...####.
#.O)#H.#{#Wc#....## #.
#...##.??!.##).)..# #.
#####O..#
#...#{#.....###.
#.....#.# #/#.#
#.###..... #..)..#.#
#...# #.#....##.
.####.....#.# #..##
#.#....##.
O.'..O.......#
{{#.#....##.
.O##.......#.#
#.###.###.
#.......#... ...
#..... #.......#####
#..### ######'## #..#
# #.# ##.# # #.# #.# #
#.# #.### #....
#######.


You could see a minotaur, 2 two-headed ogres and an ogre mage (poisoned).

Vanquished Creatures
  A tengu warrior (D:15)
  2 two-headed ogres (D:15)
  A wizard (D:15)
  A deep elf pyromancer (D:15)
  An ugly thing (D:11)
  2 unseen horrors
  3 meliai (D:15)
  A snapping turtle (shapeshifter) (D:15)
  6 slime creatures (D:15)
  3 vampire mosquitoes (D:14)
  2 orc warriors (D:11)
  An ice beast (D:5)
  A black bear (D:4)
  3 ogres (D:15)
  3 scorpions
  4 howler monkeys
  A gnoll bouda (D:3)
  A hound (D:4)
  4 orc priests
  Jessica (D:3)
  2 sleepcaps (D:5)
  2 iguanas
  8 orc wizards
  Ijyb (D:3)
  Robin (D:3)
  5 adders
  10 gnolls
  2 shadow imps
  2 white imps
  An ufetubus (D:5)
  2 dart slugs
  11 orcs
  7 ball pythons
  6 endoplasms
  11 giant cockroaches
  9 goblins
  11 hobgoblins
  11 jackals
  2 quokkas
  6 bats
  A frilled lizard (D:2)
  4 kobolds
  4 rats
161 creatures vanquished.

Notes
Turn   | Place    | Note
-------+----------+-------------------------------------------
     0 | D:5      | petzl the Formicid Delver began the quest for the Orb.
     0 | D:5      | Reached XP level 1. HP: 18/18 MP: 1/1
    14 | D:6      | Noticed an orc wizard
    35 | D:7      | Noticed a phantom
    95 | D:6      | Noticed an iguana
   106 | D:4      | Noticed a +0 falchion
   106 | D:4      | Noticed a +0 spear
   106 | D:4      | Noticed a +0 short sword
   106 | D:4      | Noticed a +0 dagger
   108 | D:4      | Noticed a +0 falchion
   109 | D:4      | Noticed a +0 short sword
   159 | D:4      | Found a hide-covered altar of Uskayaw.
   165 | D:4      | Noticed a +0 spear
   167 | D:4      | Noticed a +0 dagger
   178 | D:4      | Reached skill level 1 in Spellcasting
   220 | D:4      | Noticed a black bear
   271 | D:4      | Identified the +8 quarterstaff of Hamm {pain, rF+}
   303 | D:4      | Found a glowing drain.
   312 | D:4      | Reached XP level 2. HP: 23/24 MP: 3/3
   321 | D:4      | Noticed a scorpion
   324 | D:4      | You fall into a shaft and drop 3 floors!
   382 | D:7      | Noticed a howler monkey
   382 | D:7      | Noticed a howler monkey
   442 | D:4      | Noticed a scorpion
   484 | D:4      | Reached skill level 1 in Staves
   490 | D:4      | Reached XP level 3. HP: 16/29 MP: 3/5
   500 | D:4      | You fall into a shaft and drop 1 floor!
   561 | D:5      | Reached skill level 1 in Necromancy
   561 | D:5      | Reached XP level 4. HP: 30/35 MP: 6/6
   603 | D:5      | Noticed an ice beast
   605 | D:5      | Noticed a scorpion
   669 | Sewer    | Entered a sewer
   735 | Sewer    | Noticed Pargi
   792 | D:4      | You fall into a shaft and drop 2 floors!
   873 | D:5      | Reached XP level 5. HP: 23/41 MP: 8/8
   885 | D:5      | You fall into a shaft and drop 1 floor!
  1044 | D:5      | Reached XP level 6. HP: 35/47 MP: 8/10
  1076 | D:5      | You fall into a shaft and drop 2 floors!
  1133 | D:7      | Learned a level 2 spell: Poisonous Vapours
  1138 | D:7      | Learned a level 4 spell: Olgreb's Toxic Radiance
  1142 | D:7      | Found Naczadgh's Assorted Antiques.
  1143 | D:7      | Found Testush's Weapon Boutique.
  1152 | D:7      | Found Roorph's Antique Weapon Shoppe.
  1159 | D:7      | Noticed a sky beast
  1169 | D:7      | HP: 2/47 [orc priest/+0 dagger (3)]
  1170 | D:7      | You fall into a shaft and drop 3 floors!
  1170 | D:10     | Entered Level 10 of the Dungeon
  1379 | D:10     | Got the Parchment of the Wilderness
  1384 | D:10     | Learned a level 1 spell: Kiss of Death
  1430 | D:10     | Noticed a vampire
  1477 | D:10     | Noticed Nergalle
  1509 | D:10     | Found a staircase to the Orcish Mines.
  1509 | D:10     | Noticed an orc knight
  1560 | D:9      | Noticed a yak
  1560 | D:9      | Noticed a yak
  1560 | D:9      | Noticed a yak
  1561 | D:9      | Noticed a yak
  1561 | D:9      | Noticed a yak
  1748 | D:6      | Found a staircase to the Ecumenical Temple.
  1756 | Temple   | Entered the Ecumenical Temple
  1777 | Temple   | Became a worshipper of Vehumet
  2030 | D:6      | Reached skill level 1 in Poison Magic
  2200 | D:6      | You fall into a shaft and drop 1 floor!
  2207 | D:7      | HP: 3/70 [poisoned by a kobold brigand (curare-tipped
                  | dart)]
  2210 | D:7      | HP: 1/70 [poisoned by a kobold brigand (curare-tipped
                  | dart)]
  2399 | D:7      | Reached skill level 1 in Conjurations
  2399 | D:7      | Reached XP level 7. HP: 52/52 MP: 11/11
  2404 | D:7      | Reached skill level 1 in Air Magic
  2425 | D:7      | Noticed a water moccasin
  2464 | D:7      | Found Zolualer's Antique Armour Shop.
  2464 | D:7      | Noticed an unseen horror
  2759 | D:3      | Noticed Ijyb
  3292 | D:1      | Reached * piety under Vehumet
  3292 | D:1      | Offered knowledge of Shock by Vehumet.
  3390 | D:1      | Found a faded altar of an unknown god.
  3793 | D:2      | Learned a level 2 spell: Sublimation of Blood
  3985 | D:3      | Killed Ijyb
  4084 | D:3      | Found a sacrificial altar of Ru.
  4144 | D:3      | Noticed Robin
  4162 | D:3      | Killed Robin
  4568 | D:3      | Noticed Jessica
  4576 | D:3      | Killed Jessica
  4576 | D:3      | Reached ** piety under Vehumet
  4576 | D:3      | Offered knowledge of Scorch by Vehumet.
  5076 | D:4      | Reached XP level 8. HP: 58/58 MP: 13/13
  5460 | D:4      | Found a sparkling altar of Nemelex Xobeh.
  6541 | D:7      | You fall into a shaft and drop 1 floor!
  6759 | D:7      | Reached skill level 1 in Ranged Weapons
  6785 | D:6      | You fall into a shaft and drop 2 floors!
  6968 | D:7      | Found Zequh's Book Emporium.
  6977 | D:7      | Killed an unseen horror
  6978 | D:7      | Reached skill level 5 in Poison Magic
  6978 | D:7      | Reached XP level 9. HP: 43/64 MP: 8/15
  7013 | D:7      | You fall into a shaft and drop 2 floors!
  7218 | D:9      | Found a shimmering altar of Xom.
  7234 | D:9      | Noticed Joseph
  7307 | D:8      | Offered knowledge of Ignite Poison by Vehumet.
  7312 | D:8      | Learned a level 3 spell: Ignite Poison
  7357 | D:8      | You fall into a shaft and drop 3 floors!
  7388 | D:11     | Noticed a komodo dragon
  7406 | D:11     | Noticed a white ugly thing
  7409 | D:10     | Noticed Lodul
  7416 | D:10     | You fall into a shaft and drop 1 floor!
  7709 | D:11     | Identified a scroll of acquirement
  7710 | D:11     | Acquired the +3 Elemental Staff {rElec rF+ rC+ AC+3}
  7710 | D:11     | Found the +3 Elemental Staff {rElec rF+ rC+ AC+3}
  7849 | D:11     | Noticed a white ugly thing
  7857 | D:11     | Killed a white ugly thing
  8014 | D:9      | Noticed Erolcha
  8053 | D:10     | Found a shadowy altar of Dithmenos.
  8119 | D:10     | You fall into a shaft and drop 3 floors!
  8246 | D:13     | Noticed a two-headed ogre
  8395 | D:13     | Noticed an unseen horror
  8403 | D:13     | Killed an unseen horror
  8531 | D:13     | Noticed a shock serpent
  8541 | D:13     | a shock serpent changed into a skyshark
  8541 | D:13     | Noticed a skyshark (shapeshifter)
  8544 | D:13     | You fall into a shaft and drop 2 floors!
  8544 | D:15     | Entered Level 15 of the Dungeon
  8749 | D:15     | Learned a level 5 spell: Fireball
  8926 | D:15     | Reached skill level 5 in Spellcasting
  8926 | D:15     | Reached skill level 1 in Transmutations
  8926 | D:15     | Reached skill level 1 in Fire Magic
  8926 | D:15     | Reached XP level 10. HP: 18/70 MP: 17/17
  9107 | D:15     | Noticed a rakshasa
  9524 | D:13     | Noticed a cyclops
  9541 | D:14     | Found Farror's Magic Scroll Boutique.
  9550 | D:14     | Bought a scroll of identify for 38 gold pieces
  9550 | D:14     | Bought a scroll of identify for 38 gold pieces
  9561 | D:14     | Bought a scroll of fear for 76 gold pieces
  9596 | D:12     | Noticed an unseen horror
  9596 | D:12     | Noticed a two-headed ogre
  9599 | D:13     | Noticed an orc knight
  9796 | D:13     | Noticed a swamp dragon
  9822 | D:12     | You fall into a shaft and drop 3 floors!
  9923 | D:15     | Noticed arthad's ghost (journeyman GnWn)
  9924 | D:15     | Noticed a minotaur
  9925 | D:15     | Noticed a yaktaur captain
  9935 | D:15     | Noticed a harpy
  9946 | D:15     | a harpy changed into a shapeshifter
  9947 | D:15     | a shapeshifter changed into a guardian serpent
  9947 | D:15     | Noticed a guardian serpent (shapeshifter)
  9987 | D:15     | a naga changed into an entropy weaver
  9987 | D:15     | Noticed an entropy weaver (shapeshifter)
  9995 | D:15     | an entropy weaver changed into a black mamba
  9995 | D:15     | Noticed a black mamba (shapeshifter)
 10024 | D:15     | a guardian serpent changed into a cane toad
 10024 | D:15     | Noticed a cane toad (shapeshifter)
 10027 | D:15     | a black mamba changed into a hornet
 10032 | D:15     | a cane toad changed into a raiju
 10080 | D:15     | Noticed a deep elf pyromancer
 10087 | D:15     | Killed a deep elf pyromancer
 10180 | D:15     | Reached skill level 5 in Conjurations
 10404 | D:15     | Reached *** piety under Vehumet
 10429 | D:15     | Noticed a tengu warrior
 10435 | D:15     | Killed a tengu warrior
 10436 | D:15     | Reached XP level 11. HP: 35/75 MP: 12/22
 10594 | D:15     | Noticed an ettin
 10647 | D:15     | Reached skill level 1 in Shields
 10787 | D:15     | Noticed a wizard
 10806 | D:15     | Killed a wizard
 10808 | D:15     | a human changed into a harpy
 10808 | D:15     | Noticed a harpy (shapeshifter)
 10813 | D:15     | a harpy changed into a golden eye
 10821 | D:15     | Noticed a formless jellyfish
 10842 | D:15     | Noticed a six-headed hydra
 10856 | D:15     | Noticed a two-headed ogre
 10856 | D:15     | Noticed a two-headed ogre
 10856 | D:15     | Noticed a two-headed ogre
 10856 | D:15     | Noticed a two-headed ogre
 10862 | D:15     | Noticed an ogre mage
 10874 | D:15     | Killed a two-headed ogre
 10874 | D:15     | Killed a two-headed ogre
 10875 | D:15     | Reached skill level 5 in Fire Magic
 10876 | D:15     | Mangled by a two-headed ogre

Illustrated notes

Levels and vault maps discovered:
D:1:      heliophobic_arrival_enchanted_forest, layout_rooms,
          chequers_ecumenical_altar_twisty, kennysheep_doodads, minivault_11,
          chequers_serial_rivers_large_b, minmay_worlds_worst_comb
D:2:      wander_river, layout_loops_ring, feat_on_display
D:3:      layout_basic, nicolae_ru_sacrificial_ziggurat, uniq_ijyb, uniq_robin,
          uniq_jessica
D:4:      layout_loops_ring, nicolae_uskayaw_en_pointe,
          nemelex_diamond_rough_becter, gup_sewer_entry_glass, minmay_puff
D:5:      layout_basic
D:6:      layout_cave_pools, minmay_temple_entry_glassed_door,
          minmay_manual_mandibuliform
D:7:      layout_basic, nicolae_ossuary_entry_giza, hex_large,
          nicolae_shop_national_dungeon_mall, grunt_decor_fettered, st_stairs_6
D:8:      layout_rooms, kennysheep_vampire_church, david_lair_generic,
          minmay_diced_spiral
D:9:      layout_irregular_city, tso_metal_star, lemuel_crystal_altar,
          overflow_temple_1_default, uniq_erolcha, uniq_joseph
D:10:     layout_stronghold, mainiacjoe_overflow_catwalk, orc_david_3,
          uniq_nergalle, uniq_lodul, uniq_sonja
D:11:     layout_long_grid, serial_demonic, serial_demonic_d, serial_demonic_f,
          serial_demonic_a, serial_demonic_d, blue_anna_alchemist, uniq_grum
D:12:     layout_rooms, serial_shops, nicolae_diamond_shop,
          nicolae_shop_just_a_little_nook, shop, shop, shop,
          nicolae_trove_entry_path_of_doom, kennysheep_generic_room_11,
          uniq_urug, uniq_rupert
D:13:     layout_cave_pools, hangedman_vaults_entry_quadrant_bands,
          serial_co_window_serial, co_window_corner_a, co_window_paths_a,
          co_window_corner_a, co_window_corner_a, co_window_paths_a,
          co_window_broadway_b, co_window_unsneaky_path_a,
          co_window_of_opportunity_c, co_window_2corner, co_window_broadway_c,
          co_window_cross_2, co_window_unsneaky_path_d, glass_columns_b,
          glass_columns_a, glass_columns_c, glass_columns_b,
          nicolae_danse_macabre, uniq_snorg
D:14:     minmay_wavy_crystal, layout_irregular_city, serial_shops, shop,
          okawaru_metal_pillars_1_2, elyvilon_altar_5, uniq_louise
D:15:     hangedman_depths_entry_civil_slaughter, layout_basic,
          nicolae_twisty_statue_hallways, maelrawn_ghost_gauntlet_escape
Temple:   zaba_magenta_temple

Skill      XL: |  1  2  3  4  5  6  7  8  9 10 11 |
---------------+----------------------------------+-----
Spellcasting   | 1 2 3 4 5 7 8 |  8.1
Staves         | 1 2 3 |  3.7
Necromancy     | 1 2 3 4 |  4.0
Poison Magic   | 1 3 5 7 |  7.1
Conjurations   | 1 2 3 5 6 |  6.5
Air Magic      | 2 3 4 |  4.4
Stealth        | 7 8 |  8.1
Ranged Weapons | 1 2 |  2.9
Transmutations | 1 3 |  3.0
Fire Magic     | 1 3 5 |  5.1
Shields        | 3 |  3.4
Fighting       | |  3.2
Maces & Flails | |  2.0
Dodging        | |  1.7

Action                     |  1- 3 |  4- 6 |  7- 9 | 10-12 || total
---------------------------+-------+-------+-------+-------++-------
  Melee: Mace              |     5 |       |       |       ||     5
         Quarterstaff      |    25 |    41 |   210 |    30 ||   306
         Punch             |     1 |       |     1 |       ||     2
         Staff             |       |       |     5 |       ||     5
   Fire: Sling             |       |       |    59 |    12 ||    71
  Throw: Stone             |    13 |     6 |     8 |     8 ||    35
   Cast: Olgreb's Toxic Ra |       |       |    13 |    15 ||    28
         Kiss of Death     |       |       |     1 |       ||     1
         Ignite Poison     |       |       |     4 |    14 ||    18
Ability: Shaft Self        |     2 |     5 |     7 |     1 ||    15
         Dig               |       |       |     5 |     5 ||    10
  Evoke: Wand              |     1 |     2 |     4 |     8 ||    15
         Lightning rod     |       |       |       |     7 ||     7
    Use: Scroll            |     2 |     2 |     9 |     7 ||    20
         Potion            |       |     3 |     2 |     2 ||     7
   Stab: Sleeping          |     2 |     5 |    18 |       ||    25
 Armour: Leather armour    |    10 |     7 |    60 |     4 ||    81
  Dodge: Dodged            |    25 |    15 |   182 |    21 ||   243

Table legend: (Time is in decaauts)
 A = Elapsed time spent in this place.
 B = Non-inter-level travel time spent in this place.
 C = Inter-level travel time spent in this place.
 D = Time resting spent in this place.
 E = Time spent auto-exploring this place.
 F = Levels seen in this place.
 G = Mean time per level.
                   A        B        C        D        E       F      G
               +--------+--------+--------+--------+--------+-----+--------+
         Total |  11007 |  10737 |    270 |   4058 |   2515 |  17 |  647.5 |
       Dungeon |  10506 |  10248 |    258 |   3721 |   2515 |  15 |  700.4 |
        Temple |    370 |    358 |     12 |    337 |      0 |   1 |  370.0 |
         Sewer |    131 |    131 |      0 |      0 |      0 |   1 |  131.0 |
               +--------+--------+--------+--------+--------+-----+--------+

Top non-repeatable levels by time:
    D:15: 1869 daAuts
     D:3: 1144 daAuts
     D:4: 1050 daAuts
     D:5: 924 daAuts
     D:7: 757 daAuts
     D:6: 720 daAuts
     D:2: 635 daAuts
     D:1: 619 daAuts
    D:11: 616 daAuts
    D:10: 533 daAuts
     D:8: 494 daAuts
    D:13: 491 daAuts
    D:14: 376 daAuts
  Temple: 370 daAuts
     D:9: 247 daAuts
